 Dungeon Crawl Stone Soup version 0.29.0-5-ge4962eb29e (webtiles) character file.

Game seed: 8146091781080433596

17 Sabo the Ducker (level 2, 23/23 HPs)
             Began as a Djinni Gladiator on Aug 28, 2022.
             Was a Plaything of Xom.
             Got out of the dungeon alive.
             The game lasted 00:04:00 (1538 turns).

Sabo the Ducker (Djinni Gladiator)                  Turns: 1538, Time: 00:04:01

Health: 23/23      AC:  4    Str: 13    XL:     2   Next: 80%
Gold:   25         EV: 12    Int:  9    God:    Xom [..*...] SH:  0 Dex: 14

rFire   + + .      SeeInvis .   j - +2 dagger (freeze)
rCold   x . .      Faith    .   (no shield)
rNeg    . . .      Spirit   .   b - +0 leather armour
rPois   ∞          Reflect  .   c - +0 helmet
rElec   .          Harm     .   (no cloak)
rCorr   .          Rampage  .   (no gloves)
Will    .....                   (boots unavailable)
Stlth   +.........              (no amulet)
HPRegen 0.07/turn               (no ring)
MPRegen 0.00/turn               (no ring)

@: flying
A: sickness immunity, fire resistance 2, cold vulnerability 1, float, innate
caster, HP casting, extra vitality 1
a: Renounce Religion


You escaped.
You worshipped Xom.
You were a toy of Xom.
You visited 1 branch of the dungeon, and saw 1 of its levels.

You collected 25 gold pieces.

Inventory:

Hand Weapons
 a - a +0 long sword
 j - a +2 dagger of freezing (weapon)
Missiles
 d - 3 throwing nets
 e - a javelin
 f - 3 poisoned darts (quivered)
Armour
 b - a +0 leather armour (worn)
 c - a +0 helmet (worn)
Scrolls
 g - a scroll of identify {unknown}
 i - 2 scrolls of teleportation {unknown}
Potions
 h - 2 potions of curing {unknown}


   Skills:
 + Level 2.1 Fighting
 + Level 3.2 Long Blades
 + Level 1.5 Throwing
 + Level 0.5 Armour
 + Level 3.4 Dodging


You had one spell level left.
You didn't know any spells.
Your spell library was empty.

Dungeon Overview and Level Annotations

Branches:
Dungeon (1/15)

Altars:
Xom


Innate Abilities, Weirdness & Mutations

You are immune to sickness and miasma.
You are immune to poison.
Your flesh is very heat resistant. (rF++)
You are vulnerable to cold. (rC-)
You float through the air rather than walking.
You learn spells naturally, not from books.
Your magical power is your life essence.
You have superior vitality. (+4 MHP)


Message History

The goblin moves out of view.
A rat comes into view.
The rat barely misses you. The goblin barely misses you.
You see here a scroll labelled CUBISI LIANO.
You closely miss the goblin. The rat barely misses you.
The goblin hits you with a +2 dagger of freezing.
The goblin freezes you.
You slash the goblin!
You kill the goblin!
The rat closely misses you. x2
The rat barely misses you.
Things that are here:
a +2 dagger of freezing; a goblin corpse You slash the rat!
You kill the rat!
Things that are here:
a +2 dagger of freezing; a goblin corpse
j - a +2 dagger of freezing
i - 2 scrolls labelled CUBISI LIANO (gained 1)
You start resting.
HP restored.
Your +2 dagger of freezing glows with a cold blue light!
j - a +2 dagger of freezing (weapon)
You see here a goblin corpse.
You see here a goblin corpse.
There is an open door here.
Found a faded altar of an unknown god.
There is a faded altar of an unknown god here.
You cannot tell which god this altar belongs to.
Convert to them anyway?
Xom accepts your prayer! Xom welcomes you!
Xom is fascinated!
There is an open door here.
You see here a rat skeleton.
There is a staircase leading out of the dungeon here.
You can't go down here!
Are you sure you want to leave the Dungeon?
This will make you lose the game!
Uppercase [Y]es or [N]o only, please.
Are you sure you want to leave the Dungeon?
This will make you lose the game!
You have escaped!

..#####.......######
#.# ..#
#......#.#### #.#
..# #......#....#
#.# ###
#......####.# ##.#
#######'########.###
##..# ........#
##≈#.#≈## #..##
#########
##≈P≈.≈P≈####.##
.#......#
#≈P8P.P8P≈##..#
.#.####.#
##≈P.@.P≈##..##
...#....#
#≈♣....≈##.##
##......#
#≈♣8♣..8.≈#.#
#......#
##≈♣....≈##.#
##.##.#.#
##≈#.#≈###.#
...##.#.#
###.#####.#######
#####.#.#
#..##..........
#.#.#
##.....########
#...# #...##.#


There were no monsters in sight!

Vanquished Creatures
  2 endoplasms (D:1)
  A giant cockroach (D:1)
  5 goblins (D:1)
  2 hobgoblins (D:1)
  A quokka (D:1)
  A frilled lizard (D:1)
  2 rats (D:1)
14 creatures vanquished.

Vanquished Creatures (others)
  4 toadstools (D:1)
4 creatures vanquished.

Grand Total: 18 creatures vanquished

Notes
Turn   | Place    | Note
-------+----------+-------------------------------------------
     0 | D:1      | Sabo the Djinni Gladiator began the quest for the Orb.
     0 | D:1      | Reached XP level 1. HP: 18/18 MP: 0/0
   569 | D:1      | Reached XP level 2. HP: 3/23 MP: 0/0
  1417 | D:1      | Found a faded altar of an unknown god.
  1436 | D:1      | Prayed at the altar of an unknown god.
  1436 | D:1      | Became a worshipper of Xom of Chaos
  1538 | D:$      | Got out of the dungeon alive.

Illustrated notes

Levels and vault maps discovered:
D:1:      ldierk_walled_garden_2, layout_basic,
          shapermc_ecumenical_altar_mp_highgroup

Skill      XL: |  1 |
---------------+----+-----
Long Blades    | 3 |  3.2
Fighting       | |  2.1
Throwing       | |  1.5
Armour         | |  0.5
Dodging        | |  3.4

Action                   || total
-------------------------++-------
Melee: Long sword        ||    32
 Stab: Sleeping          ||     1
Armor: Leather armour    ||     6
Dodge: Dodged            ||    16
